 Dungeon Crawl Stone Soup version 0.17.0-24-gcfadda4 (webtiles) character file.

16 M4edhros the Charlatan (level 2, -2/18 HPs)
             Began as an Octopode Artificer on Nov 15, 2015.
             Slain by a goblin (3 damage)
             ... on level 2 of the Dungeon.
             The game lasted 00:00:53 (878 turns).

M4edhros the Charlatan (Octopode Artificer)          Turns: 878, Time: 00:00:53

Health: -2/18      AC:  1    Str: 10    XL:     2   Next: 58%
Magic:  4/4        EV: 12    Int: 14    God:
Gold:   56         SH:  0    Dex: 12    Spells: 0 memorised, 1 level left

rFire  . . .     SeeInvis .     p - -3 whip (curse)
rCold  . . .     Clarity  .     (no shield)
rNeg   . . .     SustAt   .     (helmet restricted)
rPois  .         Gourm    .     (no amulet)
rElec  .         Spirit   .     i - ring of wizardry
rCorr  .         Warding  .     (no ring)
rMut   .         Stasis   .     (no ring)
MR     .....                    (no ring)
Stlth  +++.......               (no ring)
                                (no ring)
                                (no ring)
                                (no ring)

@: not resistant to hostile enchantments, fairly stealthy
A: almost no armour, amphibious, 8 rings, constrict 8, camouflage 1, gelatinous
body 1
a: no special abilities


You were on level 2 of the Dungeon.
You were not hungry.

You visited 1 branch of the dungeon, and saw 2 of its levels.

You collected 56 gold pieces.

Inventory:

Hand Weapons
 a - a +0 short sword
 p - a cursed -3 whip (weapon)
Jewellery
 i - a ring of wizardry (left tentacle)
Wands
 b - a wand of flame (14)
 c - a wand of enslavement (23)
 d - a wand of random effects (15)
Scrolls
 o - a scroll of immolation
Potions
 f - a potion of cancellation {unknown}
 g - 2 potions of haste {unknown}
 j - a potion of heal wounds {unknown}
 k - a potion of curing {unknown}
 m - a potion of magic {unknown}
Comestibles
 e - 2 bread rations
 h - a beef jerky
 n - a slice of pizza


   Skills:
 - Level 1.0 Fighting
 - Level 1.0 Short Blades
 - Level 2.0 Dodging
 * Level 2.5 Stealth
 + Level 3.8 Evocations


You had one spell level left.
You didn't know any spells.

Dungeon Overview and Level Annotations

Branches:
Dungeon (2/15)

Altars:


Innate Abilities, Weirdness & Mutations

You cannot wear most types of armour.
You are amphibious.
You can wear up to eight rings at the same time.
You can use your tentacles to constrict eight enemies at once.
Your skin changes colour to match your surroundings (Stealth).
Your rubbery body absorbs attacks (AC +1).


Message History

You hit the jackal. Your grab misses the jackal.
Your squeeze misses the jackal.
The jackal is moderately wounded.
The jackal barely misses you.
You barely miss the jackal. Your grab misses the jackal.
Your squeeze misses the jackal. The jackal bites you.
The jackal barely misses you.
You hit the jackal but do no damage. You grab the jackal.
You constrict the jackal. The jackal bites you.
* * * LOW HITPOINT WARNING * * *
You hit the jackal but do no damage. Your squeeze misses the jackal.
The jackal is moderately wounded.
You constrict the jackal. The jackal bites you.
* * * LOW HITPOINT WARNING * * *
The jackal barely misses you.
You hit the jackal but do no damage. You squeeze the jackal.
You kill the jackal!
You hit the goblin but do no damage. Your grab misses the goblin.
The goblin hits you.
You die...

####..#..# #.#
#........####.########
#.###.#...............
# #..###....#####...
#....+............
#...##....#####...
#†#.##....#
#g#..####.#####
#@##.## #.#...#
#.##..###.#...#
#.###.##......# #.#
#.##..#...# #.#
#..#..###.#
#.####.#..###+##
#..............#
######..#......#
##.#.......


You could see a goblin.

Vanquished Creatures
  An ooze (D:2)
  A giant gecko (D:2)
  2 goblins (D:1)
  A hobgoblin (D:1)
  2 kobolds (D:1)
  2 giant newts
  2 jackals (D:2)
  A rat (D:1)
12 creatures vanquished.

Vanquished Creatures (others)
  A jackal (D:2)
1 creature vanquished.

Grand Total: 13 creatures vanquished

Notes
Turn   | Place    | Note
--------------------------------------------------------------
     0 | D:1      | M4edhros the Octopode Artificer began the quest for the Orb.
     0 | D:1      | Reached XP level 1. HP: 13/13 MP: 3/3
   659 | D:1      | Reached XP level 2. HP: 16/18 MP: 4/4
   878 | D:2      | Slain by a goblin

Action                   || total
-------------------------++-------
Melee: Short sword       ||    13
       Whip              ||    20
Evoke: Wand              ||     2
  Use: Scroll            ||     3
 Stab: Sleeping          ||     4
